 Dungeon Crawl Stone Soup version 0.17-a0-1403-g9df874c (webtiles) character file.

125 bal the Skirmisher (level 4, 0/37 HPs)
             Began as a Demonspawn Abyssal Knight on June 20, 2015.
             Was a Priest of Lugonu.
             Succumbed to an adder's poison
             ... on level 3 of the Dungeon.
             The game lasted 00:08:53 (1723 turns).

bal the Skirmisher (Demonspawn Abyssal Knight)      Turns: 1723, Time: 00:08:53

Health: 0/37       AC:  8    Str: 18      XL:     4   Next: 82%
Magic:  6/6        EV: 11    Int: 12 (14) God:    Lugonu [***...]
Gold:   134        SH:  2    Dex: 12      Spells: 0 memorised, 3 levels left

rFire  . . .     SeeInvis .     b - +2 dagger (drain)
rCold  . . .     Clarity  .     s - +1 ring mail
rNeg   . . .     SustAt   .     (no shield)
rPois  .         Gourm    .     (no helmet)
rElec  .         Spirit   .     (no cloak)
rCorr  +         Warding  .     (no gloves)
rMut   .         Stasis   .     (no boots)
MR     .....                    p - amulet of resist corrosion
Stlth  ..........               (no ring)
                                (no ring)

@: mighty, lethally poisoned (0 -> -2), not resistant to hostile enchantments,
extremely unstealthy
A: hooves 1, large bone plates 1, powered by death 1
a: Depart the Abyss, Bend Space, Banish, Renounce Religion


You were on level 3 of the Dungeon.
You worshipped Lugonu.
Lugonu was most pleased with you.
You were not hungry.

You visited 1 branch of the dungeon, and saw 3 of its levels.
You visited the Abyss 1 time.

You collected 134 gold pieces.

Inventory:

Hand weapons
 a - a +1 hand axe
 b - a +2 dagger of draining (weapon)
 e - a cursed -2 hunting sling
Missiles
 l - 29 sling bullets
 q - 2 poisoned javelins (quivered)
Armour
 s - a +1 ring mail (worn)
Jewellery
 p - an amulet of resist corrosion (around neck)
Magical devices
 g - a wand of slowing (12)
Scrolls
 f - a scroll of blinking {unknown}
 i - 2 scrolls of identify
 n - a scroll of enchant armour
 o - a scroll of teleportation
Potions
 r - a potion of magic {unknown}
Comestibles
 c - 5 bread rations
 h - a beef jerky
 j - a slice of pizza
 k - 3 chunks of flesh
 m - 2 meat rations


   Skills:
 + Level 4.1 Fighting
 + Level 2.4 Axes
 + Level 2.4 Armour
 + Level 2.0 Dodging
 + Level 0.2 Stealth
 + Level 2.7 Invocations


You had 3 spell levels left.
You didn't know any spells.

Dungeon Overview and Level Annotations

Branches:
Dungeon (3/15)

Altars:


Innate Abilities, Weirdness & Mutations

You have large cloven feet.
You are partially covered in large bone plates (AC +2, SH +2).
You regenerate a little health from kills.


Message History

You fail to use your ability.
You feel sick. The adder bites you but does no damage.
The ice beast closely misses you. The adder bites you.
Use which ability? (? or * to list)
Press: ? - help, Shift-Dir - straight line, f/p - ice beast
Aim: an ice beast (lightly wounded, lightly drained, chance to defeat MR: 66%)
You fail to use your ability.
The adder bites you. The adder misses you. The ice beast hits you.
* * * LOW HITPOINT WARNING * * *
The ice beast freezes you.
* * * LOW HITPOINT WARNING * * *
The adder bites you but does no damage.
Drink which item? (? for menu, Esc to quit)
You feel very mighty all of a sudden. The adder misses you.
The adder bites you but does no damage. The ice beast closely misses you.
The adder bites you.
* * * LOW HITPOINT WARNING * * *
You hit the adder. You kick the adder.
The adder is heavily wounded.
You die...

#....#........#####..............
####..........#......>......(##..
##.....................##..#..
##.....<...####†....#.###....
#.......# #).<..#.#####..
#....?..# ##..............
#...Y...#####............#..
####.##.##Y..............###
#......S@..≈≈...........#
#......S#...P.........#
##.....##+.......(....#.# ###..##
##..⌠........... .....#
#.............##
...##...#....####.####... ....
#.......## #†# #. ...
...#..#.#####.####### ...
##...........^....##.


You could see an ice beast and 2 adders.

Vanquished Creatures
  Ijyb (D:2)
  2 adders (D:3)
  An ooze (D:2)
  4 worms
  3 giant geckos
  5 orcs (D:3)
  2 ball pythons
  7 bats
  8 hobgoblins
  7 kobolds
  A quokka (D:2)
  2 giant cockroaches
  4 giant newts
  4 goblins
  7 rats
58 creatures vanquished.

Notes
Turn   | Place    | Note
--------------------------------------------------------------
     0 | Abyss:1  | bal the Demonspawn Abyssal Knight began the quest for the Orb.
     0 | Abyss:1  | Reached XP level 1. HP: 18/18 MP: 2/2
    11 | D:1      | Escaped the Abyss
   370 | D:1      | Gained mutation: You have large cloven feet. [demonic ancestry]
   370 | D:1      | Reached XP level 2. HP: 21/24 MP: 3/3
   690 | D:2      | Acquired Lugonu's second power
   816 | D:2      | Gained mutation: You are partially covered in large bone plates (AC +2, SH +2). [demonic ancestry]
   816 | D:2      | Reached XP level 3. HP: 6/30 MP: 4/4
  1184 | D:2      | Reached skill level 4 in Fighting
  1228 | D:2      | Noticed Ijyb
  1247 | D:2      | Killed Ijyb
  1247 | D:2      | Reached skill level 1 in Dodging
  1247 | D:2      | Gained mutation: You regenerate a little health from kills. [demonic ancestry]
  1247 | D:2      | Reached XP level 4. HP: 37/37 MP: 6/6
  1583 | D:3      | Acquired Lugonu's third power
  1698 | D:3      | Noticed an ice beast
  1722 | D:3      | HP: 1/37 [adder (1)]
  1723 | D:3      | Succumbed to an adder's poison

Vault maps used:
D:1:      dpeg_arrival_windows_large_door
D:2:      grunt_ministairs_3, grunt_decor_fettered, uniq_iyjb
D:3:      tso_oasis_becter, first_bread

Action                   |  1- 3 |  4- 6 || total
-------------------------+-------+-------++-------
Melee: Hand axe          |   115 |    16 ||   131
       Dagger            |       |    74 ||    74
Invok: Bend Space        |       |     1 ||     1
  Use: Scroll            |     5 |     2 ||     7
       Potion            |     3 |     3 ||     6
  Eat: Chunk             |     1 |       ||     1
       Pizza             |       |     2 ||     2
